AoeStats
← caltan

Oasis

509175595Analyzed
4v4 RM · 8d ago on Sep 25, 2026· 127m 18s· 8 players
Game mode
Random Map
Map size
Large (8 player)
Population
200
Speed
Normal
Resources
Standard
Victory
Conquest
Starting age
Dark Age
Ending age
Imperial Age
RankedLock teamsTeams togetherTeam positionsShared explorationLock speedFull tech treeHidden civsTurbo modeCheats
Victory
Defeat
🇹🇷 Saxons · Türkiye
1148
+11
🇹🇷 Franks · Türkiye
1067
+15
🇹🇷 Magyars · Türkiye
967
+19
🇫🇷 Huns · France
965
+19
🇫🇮 Koreans · Finland
1088
-18
🇩🇪 Ethiopians · Germany
1047
-16
🇷🇺 Romans · Russia
1024
-16
🇬🇧 Britons · United Kingdom
985
-14
OldFlesty
0:27 Loom
12:47 Feudal Age
14:19 Wheelbarrow
17:37 Castle Age
15:45 Double-Bit Axe
17:00 Horse Collar
18:35 Hand Cart
18:49 Bow Saw
27:23 Town Watch
28:11 Gold Mining
28:15 Stone Mining
30:05 Gold Shaft Mining
30:15 Caravan
34:59 Imperial Age
33:08 Treadmill Crane
33:50 Ballistics
33:16 Pikeman
34:53 Forging
34:44 Scale Mail Armor
34:35 Fletching
36:05 Conscription
37:41 Iron Casting
37:22 Chain Mail Armor
37:02 Bodkin Arrow
36:32 Halberdier
38:06 Squires
37:52 Arson
37:53 Gambesons
37:32 Elite Skirmisher
42:01 Blast Furnace
42:48 Cavalier
43:37 Husbandry
44:34 Capped Ram
46:02 Coinage
45:43 Guilds
45:28 Light Cavalry
46:24 Man-at-Arms
47:24 Bracer
47:25 Padded Archer Armor
47:55 Plate Mail Armor
48:11 Crossbowman
50:10 Leather Archer Armor
49:19 Arbalester
51:24 Yeomen
53:09 Ring Archer Armor
52:51 Siege Engineers
52:57 Masonry
52:58 Fortified Wall
53:48 Chemistry
59:37 Scale Barding Armor
65:09 Two-Man Saw
64:13 Heavy Plow
66:06 Chain Barding Armor
65:44 Onager
67:04 Architecture
71:45 Plate Barding Armor
97:16 Banking
106:43 Banking
ASV
7:58 Loom
11:05 Feudal Age
12:07 Horse Collar
17:16 Castle Age
15:49 Double-Bit Axe
18:51 Man-at-Arms
19:22 Pikeman
24:05 Long Swordsman
24:52 Scale Mail Armor
28:13 Bow Saw
33:24 Imperial Age
31:32 Wheelbarrow
32:17 Gold Mining
35:09 Chain Mail Armor
35:05 Forging
35:09 Legionary
36:02 Heavy Scorpion
37:30 Iron Casting
37:22 Ballistas
37:47 Squires
39:36 Comitatenses
39:37 Conscription
44:30 Hand Cart
46:11 Ballistics
45:57 Siege Engineers
48:59 Halberdier
49:58 Fletching
51:09 Blast Furnace
50:02 Fletching
52:52 Chemistry
52:04 Masonry
51:50 Murder Holes
58:55 Guilds
59:39 Heavy Plow
63:49 Caravan
71:57 Architecture
85:01 Capped Ram
86:57 Siege Ram
Lakupiippu
7:44 Loom
10:29 Feudal Age
16:11 Castle Age
14:15 Double-Bit Axe
14:24 Horse Collar
17:14 Heavy Plow
21:41 Wheelbarrow
23:13 Hand Cart
24:30 Fletching
25:21 Bow Saw
25:30 Bodkin Arrow
27:41 Ballistics
28:00 Treadmill Crane
28:26 Murder Holes
29:01 Caravan
32:16 Imperial Age
30:52 Scale Barding Armor
32:26 Masonry
32:29 Fortified Wall
32:45 Chain Barding Armor
32:51 Forging
33:17 Conscription
34:24 Chemistry
33:28 Bracer
33:50 Light Cavalry
41:51 Husbandry
41:11 Hussar
43:08 Iron Casting
slayopatra
9:11 Loom
10:57 Feudal Age
12:18 Arson
11:53 Man-at-Arms
12:26 Double-Bit Axe
13:13 Gold Mining
15:29 Fletching
21:46 Wheelbarrow
25:58 Castle Age
24:03 Padded Archer Armor
24:13 Forging
24:04 Scale Mail Armor
26:03 Crossbowman
26:48 Thumb Ring
26:41 Bodkin Arrow
27:02 Leather Archer Armor
27:09 Hand Cart
28:07 Bow Saw
28:27 Hand Cart
31:43 Ballistics
32:09 Iron Casting
32:58 Fortified Wall
33:25 Squires
37:15 Chain Mail Armor
42:37 Imperial Age
42:42 Arbalester
43:23 Bracer
43:54 Ring Archer Armor
44:49 Chemistry
44:14 Halberdier
49:25 Blast Furnace
48:55 Plate Mail Armor
56:36 Torsion Engines
56:56 Conscription
57:55 Capped Ram
57:55 Onager
60:54 Siege Onager
66:21 Siege Engineers
Soldat_Ultime0
1:32 Loom
14:10 Feudal Age
18:42 Castle Age
17:45 Horse Collar
17:53 Double-Bit Axe
19:55 Wheelbarrow
25:10 Heavy Plow
28:09 Bow Saw
28:09 Scale Barding Armor
28:16 Forging
29:32 Bloodlines
30:12 Marauders
31:44 Gold Mining
35:16 Gold Shaft Mining
38:35 Chain Barding Armor
39:29 Caravan
40:02 Coinage
40:24 Husbandry
44:16 Imperial Age
42:41 Iron Casting
44:54 Elite Tarkan
45:55 Atheism
47:21 Two-Man Saw
47:29 Blast Furnace
47:05 Plate Barding Armor
47:50 Banking
48:53 Light Cavalry
51:01 Thumb Ring
50:16 Elite Skirmisher
50:51 Fletching
51:01 Padded Archer Armor
51:55 Bodkin Arrow
53:46 Ballistics
54:27 Chemistry
53:24 Murder Holes
55:06 Hussar
63:03 Sappers
75:12 Guilds
95:38 Hand Cart
95:08 Town Watch
125:56 Spies/Treason
caltan
11:35 Feudal Age
12:21 Double-Bit Axe
12:24 Horse Collar
17:21 Castle Age
16:52 Stone Mining
16:55 Gold Mining
19:36 Bow Saw
19:29 Heavy Plow
21:49 Gold Shaft Mining
22:41 Loom
24:44 Wheelbarrow
27:00 Hand Cart
31:30 Imperial Age
29:24 Scale Mail Armor
29:35 Forging
30:31 Town Watch
31:00 Squires
30:45 Gambesons
31:26 Chain Mail Armor
31:24 Man-at-Arms
31:51 Arson
31:53 Pikeman
32:06 Capped Ram
33:25 Conscription
33:22 Elite Hearth Troop
34:36 Plate Mail Armor
34:42 Iron Casting
33:59 Elite Varangian Guard
34:00 Long Swordsman
35:22 Two-Handed Swordsman
36:06 Town Patrol
36:27 Caravan
36:33 Champion
37:43 Padded Archer Armor
37:34 Fletching
37:49 Scale Barding Armor
37:54 Siege Ram
41:01 Two-Man Saw
41:03 Chain Barding Armor
40:59 Leather Archer Armor
40:39 Bodkin Arrow
40:08 Shield Wall
41:23 Halberdier
46:36 Ring Archer Armor
46:06 Bracer
52:39 Clerical Recruitment
53:52 Bloodlines
53:42 Husbandry
53:03 Light Cavalry
54:09 Elite Skirmisher
54:54 Thumb Ring
56:25 Thumb Ring
58:41 Hussar
59:21 Heavy Scorpion
67:10 Onager
75:38 Crossbowman
77:14 Ballistics
77:06 Masonry
79:26 Siege Engineers
80:41 Chemistry
83:00 Architecture
82:12 Treadmill Crane
82:31 Murder Holes
83:49 Arbalester
91:47 Fortified Wall
113:12 Clerical Recruitment
113:23 Sappers
114:29 Hoardings
117:59 Spies/Treason
119:58 Heated Shot
119:58 Guard Tower
119:53 Arrowslits
120:14 Siphons
120:29 Shipwright
120:21 Careening
125:58 Keep
125:44 Dry Dock
125:58 Coinage
125:38 Guilds
126:07 Atonement
126:18 Redemption
126:31 Devotion
127:50 Illumination
127:40 Block Printing
127:48 Sanctity
127:48 Heresy
127:25 Herbal Medicine
128:06 Theocracy
Kori
8:24 Loom
12:53 Feudal Age
17:10 Castle Age
37:15 Double-Bit Axe
39:11 Bow Saw
43:05 Scale Mail Armor
43:15 Forging
49:35 Imperial Age
50:17 Imperial Age
54:21 Wheelbarrow
53:45 Gold Mining
53:45 Stone Mining
56:05 Hand Cart
57:01 Cavalier
57:41 Husbandry
57:49 Scale Barding Armor
58:20 Iron Casting
58:10 Paladin
60:57 Blast Furnace
61:01 Chain Barding Armor
62:29 Chain Barding Armor
63:16 Blast Furnace
74:02 Light Cavalry
75:58 Caravan
88:47 Elite Throwing Axeman
89:48 Conscription
88:56 Ordonnance Companies
89:09 Ordonnance Companies
90:29 Cranequins
90:30 Heavy Mounted Crossbowman
92:37 Ballistics
93:18 Chemistry
92:33 Fortified Wall
93:14 Fletching
93:24 Padded Archer Armor
93:08 Treadmill Crane
93:59 Bodkin Arrow
97:26 Gold Shaft Mining
98:30 Leather Archer Armor
105:07 Coinage
116:43 Banking
122:45 Spies/Treason
ImJoker
11:12 Feudal Age
15:29 Castle Age
13:39 Double-Bit Axe
33:20 Padded Archer Armor
33:11 Fletching
34:18 Leather Archer Armor
34:18 Husbandry
34:28 Bloodlines
36:38 Bodkin Arrow
40:23 Ballistics
44:26 Imperial Age
44:32 Cavalier
46:14 Wheelbarrow
45:57 Recurve Bow
46:19 Conscription
46:35 Scale Barding Armor
47:22 Paladin
54:36 Chain Barding Armor
55:58 Ring Archer Armor
56:07 Plate Barding Armor
59:34 Parthian Tactics
58:30 Heavy Cavalry Archer
62:30 Chemistry
62:03 Ring Archer Armor
61:34 Bracer
65:46 Elite Skirmisher
77:34 Light Cavalry
78:50 Hussar
85:10 Hand Cart
Connection lost

Rejoining the realm…

Still unreachable

The connection could not be restored.

Session expired

The server has moved on; the page needs a fresh start.